 Dungeon Crawl Stone Soup version 0.29.0-4-gdea44cf6ec (webtiles) character file.

Game seed: 18005157046852570740

79 qw the Chopper (level 4, -7/28 HPs)
             Began as a Gargoyle Berserker on Sept 4, 2022.
             Was a Follower of Trog.
             Killed from afar by Sigmund (19 damage)
             ... with a bolt of light
             ... on level 3 of the Dungeon.
             The game lasted 00:00:42 (2946 turns).

qw the Chopper (Gargoyle Berserker)                 Turns: 2946, Time: 00:00:42

Health: -7/28      AC: 10    Str: 23    XL:     4   Next: 37%
Magic:  4/4        EV: 11    Int:  7    God:    Trog [*.....]
Gold:   152        SH:  0    Dex: 15    Spells: 3/3 levels left

rFire   . . .      SeeInvis .   Y - +1 hand axe
rCold   . . .      Faith    .   (no shield)
rNeg    + . .      Spirit   .   k - +0 ring mail
rPois   inf        Reflect  .   (no helmet)
rElec   +          Harm     .   i - +0 cloak
rCorr   .          Rampage  .   (no gloves)
Will    .....                   (no boots)
Stlth   ..........              (no amulet)
HPRegen 0.09/turn               m - +6 ring of dexterity
MPRegen 0.09/turn               (no ring)

@: confused, on berserk cooldown, slowed, very slow
A: sickness immunity, AC +3, negative energy resistance 1, electricity
resistance, torment resistance 1, petrification resistance
a: Renounce Religion, Berserk


You were on level 3 of the Dungeon.
You worshipped Trog.
Trog was aware of your devotion.
You visited 1 branch of the dungeon, and saw 3 of its levels.

You collected 152 gold pieces.


Innate Abilities, Weirdness & Mutations

You are immune to sickness and miasma.
Your stone body is resilient. (AC +3)
You are immune to poison.
You resist negative energy. (rN+)
You are resistant to electric shocks. (rElec)
You are resistant to unholy torment.
You are immune to petrification.


   Skills:
 - Level 3.2 Fighting
 + Level 4.6 Axes
 - Level 2.1 Armour
 - Level 1.5 Dodging


You had 3 spell levels left.
You didn't know any spells.
Your spell library was empty.

Inventory:

Hand Weapons
 g - a +0 mace
 Y - a +1 hand axe (weapon)
Armour
 a - a +0 pair of gloves
 i - a +0 cloak (worn)
 k - a +0 ring mail (worn)
Jewellery
 m - a +6 ring of dexterity (left hand)
Scrolls
 b - a scroll of blinking {unknown}
Potions
 c - a potion of cancellation {unknown}
 d - a potion of might {unknown}
 e - a potion of lignification {unknown}
 f - a potion of degeneration {unknown}
 l - a potion of brilliance {unknown}
 n - a potion of invisibility {unknown}

Dungeon Overview and Level Annotations

Branches:
Dungeon (3/15)

Altars:

Annotations:
D:3 Sigmund


Message History

The goblin is severely wounded.
The goblin closely misses you.
You hit the goblin.
You kill the goblin!
Trog accepts your kill.
b - a scroll labelled GYTU OXINU A rat comes into view.
You hit the rat.
You kill the rat!
Trog accepts your kill.
Sigmund the Dreaded comes into view.
He is wielding a +0 scythe and carrying a wand of light (12).
Sigmund shouts!
You hear a shout!
Sigmund casts a spell.
Sigmund flickers and vanishes!
Deactivating autopickup; reactivate with Ctrl-A.
2941 ||| INVOKING Berserk.
A red film seems to cover your vision as you go berserk!
You feel yourself moving faster!
You feel mighty!
You swing at nothing.
You feel a strong urge to attack something.
A rat comes into view.
A hobgoblin comes into view.
You feel your anger nearly subside.
You are no longer berserk.
You are exhausted.
You feel yourself slow down.
The hobgoblin shouts!
You hear a zap.
A bolt of light appears from out of thin air!
The bolt of light hits you!
You closely miss something. Something hits you.
A rat comes into view.
Found a scroll of identify.
Found a stone staircase leading up.
You hear some strange, mumbled words.
You are confused.
The rat bites you but does no damage.
You hear a zap.
A bolt of light appears from out of thin air!
The bolt of light hits you!!
Ouch! That really hurt!
You die...

~~~~~.~~~~~~~
#...........<
#............
.........##............
#........##...g....r...
#...../..++...........?
#........##....{.......
#........##....@r......
##....... #............
....#).#####............
#####........###########
..............#
#....#######..# #...>#
...# .....# ...# .....#
...##


You could see a hobgoblin and 2 rats.

Vanquished Creatures
  A gnoll (D:1)
  3 adders (D:2)
  2 dart slugs
  An orc (D:2)
  2 endoplasms
  4 giant cockroaches
  4 goblins
  2 hobgoblins (D:1)
  4 jackals (D:1)
  3 quokkas
  A ball python (D:2)
  2 bats
  2 frilled lizards (D:1)
  5 rats
36 creatures vanquished.

Notes
Turn   | Place    | Note
-------+----------+-------------------------------------------
     0 | D:1      | qw the Gargoyle Berserker began the quest for the Orb.
     0 | D:1      | Reached XP level 1. HP: 14/14 MP: 1/1
     0 | D:1      | 0 ||| qw: Version: 0.1-a-103-gd6f5d3a
     0 | D:1      | 0 ||| qw: Game counter: 5746
     0 | D:1      | 0 ||| qw: Always use a shield: true
     0 | D:1      | 0 ||| qw: Do Orc after D:15 true
     0 | D:1      | 0 ||| qw: Do second Lair branch before Depths: true
     0 | D:1      | 0 ||| qw: Lair rune preference: random
     0 | D:1      | 0 ||| qw: Plans: Normal
     0 | D:1      | 0 ||| PLANNING D:1-11
   213 | D:1      | 213 ||| INVOKING Berserk.
   398 | D:1      | Reached skill level 3 in Axes
   439 | D:1      | Reached XP level 2. HP: 13/19 MP: 2/2
   749 | D:1      | 749 ||| INVOKING Berserk.
   750 | D:1      | 750 ||| INVOKING Berserk.
   858 | D:1      | 858 ||| DROPPING +0 club.
   867 | D:1      | Found a faded altar of an unknown god.
   898 | D:1      | 898 ||| Stepping ~*~*~tactically~*~*~ (stealth).
   906 | D:1      | Reached XP level 3. HP: 16/23 MP: 3/3
  1180 | D:1      | 1180 ||| Stepping ~*~*~tactically~*~*~ (hiding).
  1282 | D:1      | 1282 ||| Stepping ~*~*~tactically~*~*~ (hiding).
  1384 | D:1      | 1384 ||| Stepping ~*~*~tactically~*~*~ (hiding).
  1838 | D:1      | 1838 ||| UPGRADING to +0 leather armour.
  1848 | D:1      | 1848 ||| DROPPING +0 animal skin.
  1849 | D:1      | 1849 ||| UPGRADING to +0 ring mail.
  1859 | D:1      | 1859 ||| DROPPING +0 leather armour.
  1860 | D:1      | 1860 ||| UPGRADING to +6 ring of dexterity.
  1861 | D:1      | 1861 ||| READING scroll labelled YZYPAPPASU.
  1862 | D:1      | 1862 ||| READING scroll labelled WIETZAA GIEBLY.
  1863 | D:1      | 1863 ||| READING scroll labelled RUARORH YLAIR.
  1910 | D:2      | Reached skill level 4 in Axes
  2112 | D:2      | 2112 ||| Stepping ~*~*~tactically~*~*~ (stealth).
  2113 | D:2      | 2113 ||| Stepping ~*~*~tactically~*~*~ (stealth).
  2263 | D:2      | Reached XP level 4. HP: 28/28 MP: 4/4
  2697 | D:2      | 2697 ||| UPGRADING to +0 cloak.
  2702 | D:2      | 2702 ||| DROPPING amulet of faith.
  2703 | D:2      | 2703 ||| DROPPING amulet of magic regeneration.
  2704 | D:2      | 2704 ||| READING scroll labelled JAUTIH DISTE.
  2705 | D:2      | 2705 ||| READING scroll labelled FOUWAN TAUSOIM.
  2939 | D:3      | Noticed Sigmund
  2941 | D:3      | 2941 ||| INVOKING Berserk.
  2946 | D:3      | Killed from afar by Sigmund

Levels and vault maps discovered:
D:1:      saegor_arrival_under_anarchy, layout_loops_corners,
          basic_ecumenical_altar
D:2:      layout_basic, st_stairs_9, nrook_campfire
D:3:      layout_basic, nicolae_overflow_two_pavilions, uniq_sigmund, uniq_robin

Skill      XL: |  1  2  3 |
---------------+----------+-----
Axes           | 3 4 |  4.6
Fighting       | |  3.2
Armour         | |  2.1
Dodging        | |  1.5

Action                   |  1- 3 |  4- 6 || total
-------------------------+-------+-------++-------
Melee: Hand axe          |    95 |    26 ||   121
       Punch             |     3 |       ||     3
Invok: Berserk           |     2 |     1 ||     3
  Use: Scroll            |     3 |     2 ||     5
Armor: Animal skin       |    23 |       ||    23
       Ring mail         |    18 |     6 ||    24
Dodge: Dodged            |    46 |    18 ||    64

Table legend:
 A = Non-vault XP
 B = Vault XP
 C = Vault XP percentage of total XP
 D = Non-vault monster count
 E = Vault monster count
 F = Vault count percentage of total count
                 A         B        C        D         E       F
            +---------+---------+-------+---------+---------+-------
      Total |     110 |       3 |   2.7 |      34 |       2 |   5.6
            +---------+---------+-------+---------+---------+-------
        D:1 |      47 |       0 |   0.0 |      18 |       0 |   0.0
        D:2 |      60 |       3 |   4.8 |      14 |       2 |  12.5
        D:3 |       3 |       0 |   0.0 |       2 |       0 |   0.0
            +---------+---------+-------+---------+---------+-------
